 Dungeon Crawl Stone Soup version 0.31-a0-240-gb923e448b6 (webtiles) character file.

Game seed: 17221101259663132778

135 qw the Shooter (level 4, -2/38 HPs)
             Began as a Minotaur Hexslinger on July 12, 2023.
             Slain by a sky beast (5 damage)
             ... on level 3 of the Dungeon.
             The game lasted 00:00:56 (2092 turns).

qw the Shooter (Minotaur Hexslinger)                Turns: 2092, Time: 00:00:56

Health: -2/38      AC:  5    Str: 12    XL:     4   Next: 96%
Magic:  4/4        EV: 12    Int: 10    God:
Gold:   89         SH:  0    Dex: 15    Spells: 4/5 levels left

rFire   . . .        Y - +1 sling
rCold   . . .        (no shield)
rNeg    + . .        c - +2 leather armour {rN+}
rPois   .            (helmet restricted)
rElec   .            (no cloak)
rCorr   .            (no gloves)
SInv    .            (no boots)
Will    .....        (no amulet)
Stlth   +            (no ring)
HPRegen 0.26/turn    (no ring)
MPRegen 0.09/turn

%: no passive effects
@: about to teleport
A: horns 2, retaliatory headbutt
a: no special abilities


You were on level 3 of the Dungeon.
You visited 1 branch of the dungeon, and saw 3 of its levels.

You collected 143 gold pieces.
You spent 54 gold pieces at shops.


Innate Abilities, Weirdness & Mutations

You have a pair of horns on your head.
You reflexively headbutt those who attack you in melee.


   Skills:
 - Level 3.0 Fighting
 + Level 5.1 Ranged Weapons
 - Level 2.1 Dodging
 - Level 1.0 Spellcasting
 - Level 2.0 Hexes


You had 4 spell levels left.
You knew the following spells:

 Your Spells              Type           Power      Damage    Failure   Level
a - Slow                  Hex            16%        N/A       19%         1

Your spell library contained the following spells:

 Spells                   Type           Power      Damage    Failure   Level
 Inner Flame              Hex/Fire       2%         N/A       65%         3
 Portal Projectile        Hex/Tloc       4%         N/A       65%         3
 Cause Fear               Hex            2%         N/A       88%         4

Inventory:

Hand Weapons
 Y - a +1 sling (weapon)
Armour
 c - a +2 leather armour of positive energy (worn)
Scrolls
 a - 2 scrolls of identify
Potions
 b - 2 potions of heal wounds {unknown}
 d - 2 potions of might
 e - a potion of berserk rage {unknown}
 g - a potion of attraction {unknown}
 j - 3 potions of enlightenment
 k - a potion of curing {unknown}

Dungeon Overview and Level Annotations

Branches:
Dungeon (3/15)

Altars:

Shops:
D:1 [   D:3 *


Message History

Enter note:
Enter note:
Enter note:
Enter note:
Enter note:
Enter note:
Enter note:
Enter note:
Enter note: You shoot a sling bullet.
The sling bullet hits the sky beast.
The sky beast is lightly wounded.
You shoot a sling bullet.
The sling bullet barely misses the sky beast.
You shoot a sling bullet. The sling bullet hits the sky beast!
The sky beast is heavily wounded.
You shoot a sling bullet.
The sling bullet closely misses the sky beast.
The sky beast closely misses you.
You shoot a sling bullet. The sling bullet hits the sky beast!
The sky beast is severely wounded.
The sky beast hits you but does no damage.
You shoot a sling bullet.
The sling bullet hits the sky beast but does no damage.
The sky beast is severely wounded.
The rat closely misses you. The sky beast hits you. The sky beast shocks you.
The rat completely misses you. The sky beast hits you.
The sky beast shocks you.
You shoot a sling bullet. The sling bullet hits the sky beast.
The sky beast is severely wounded.
The sky beast flickers out of sight!
Deactivating autopickup; reactivate with Ctrl-A.
Something hits you. Something shocks you. The rat bites you.
You shoot a sling bullet. The sling bullet barely misses the rat.
Something hits you. Something shocks you. The rat misses you.
2092 ||| READING scroll of teleportation.
As you read the scroll of teleportation, it crumbles to dust.
You feel strangely unstable. The rat closely misses you.
A sky beast appears from thin air!
Reactivating autopickup.
The sky beast hits you. The sky beast shocks you.
You die...

#..##...##..#.## #
##..##.##..##..##########
#.#..###%.#.#...........#
##.#..#.)#.##.....#####.#
#.#.#..)#.#.#.....# #.#
#############....######.#
#..................#.#
###>##...###.........#..
.......@.# #.........###
.##.##rY## #<...###### #
# #..# #....# # ....
###### ### ####. .. .. #.
#.#. # . .. #.#.## .. ...
#.#.## .... .#.##


You could see a sky beast and a rat.

Vanquished Creatures
  4 adders
  4 gnolls (D:3)
  A worm (D:2)
  2 dart slugs
  5 bats
  7 endoplasms
  4 giant cockroaches (D:2)
  3 hobgoblins
  A jackal (D:3)
  6 kobolds
  4 ball pythons
  2 frilled lizards (D:2)
  7 goblins
  3 rats
53 creatures vanquished.

Notes
Turn   | Place    | Note
-------+----------+-------------------------------------------
     0 | D:1      | qw the Minotaur Hexslinger began the quest for the Orb.
     0 | D:1      | Reached XP level 1. HP: 16/16 MP: 1/1
     0 | D:1      | 0 ||| qw: Version: 0.3-a-52-g30416fa
     0 | D:1      | 0 ||| qw: Game counter: 6147
     0 | D:1      | 0 ||| qw: Melee chars always use a shield: true
     0 | D:1      | 0 ||| qw: God list: Okawaru
     0 | D:1      | 0 ||| qw: Allow faded altars: false
     0 | D:1      | 0 ||| qw: Do Orc after clearing Dungeon:15 true
     0 | D:1      | 0 ||| qw: Do second Lair branch before Depths: true
     0 | D:1      | 0 ||| qw: Lair rune preference: random
     0 | D:1      | 0 ||| qw: Goals: Normal
     0 | D:1      | 0 ||| PLANNING D:1-11
   202 | D:1      | Reached skill level 3 in Ranged Weapons
   202 | D:1      | Reached XP level 2. HP: 23/23 MP: 2/2
   297 | D:1      | Found Ibrajyvy's Antique Armour Boutique.
   309 | D:1      | 309 ||| SHOPLISTING -2 hat of the Alchemist {rElec rPois
                  | rF+ rC+ rN+ Will+ rMut rCorr} (1274 gold, have 64).
   309 | D:1      | 309 ||| SHOPLISTING embroidered robe (99 gold, have 64).
   309 | D:1      | 309 ||| SHOPLISTING glowing leather armour (135 gold, have
                  | 64).
   309 | D:1      | 309 ||| BUYING leather armour (54 gold).
   309 | D:1      | Bought a leather armour for 54 gold pieces
   309 | D:1      | 309 ||| SHOPLISTING ring mail (108 gold, have 10).
   650 | D:1      | 650 ||| UPGRADING to +0 leather armour.
   660 | D:1      | 660 ||| DROPPING +0 robe.
   661 | D:1      | 661 ||| READING 4 scrolls labelled DUAKHL ZEXKUU.
   662 | D:1      | 662 ||| READING scroll labelled NOPPAAVOUTU.
   704 | D:1      | 704 ||| READING scroll labelled EXIS QISKE.
   705 | D:1      | 705 ||| READING scroll labelled BOYTEB OHAOS.
   710 | D:1      | 710 ||| READING scroll labelled WUAP IREAMUHAE.
   711 | D:1      | 711 ||| READING 3 scrolls of identify.
   711 | D:1      | 711 ||| IDENTIFYING green potion
   712 | D:1      | 712 ||| READING 2 scrolls of identify.
   712 | D:1      | 712 ||| IDENTIFYING fizzy grey potion
   713 | D:1      | 713 ||| DROPPING scroll of poison.
   714 | D:1      | 714 ||| DROPPING potion of magic.
   815 | D:2      | Reached XP level 3. HP: 29/29 MP: 3/3
   901 | D:2      | 901 ||| FLEEEEING.
   902 | D:2      | 902 ||| FLEEEEING.
   903 | D:2      | 903 ||| FLEEEEING.
   904 | D:2      | 904 ||| FLEEEEING.
   905 | D:2      | 905 ||| FLEEEEING.
   906 | D:2      | 906 ||| FLEEEEING.
   907 | D:2      | 907 ||| FLEEEEING.
   908 | D:2      | 908 ||| FLEEEEING.
   987 | D:2      | Reached skill level 4 in Ranged Weapons
  1410 | D:2      | Reached XP level 4. HP: 30/36 MP: 4/4
  1499 | D:2      | 1499 ||| UPGRADING to +2 leather armour of positive energy.
  1509 | D:2      | 1509 ||| DROPPING +0 leather armour.
  1510 | D:2      | 1510 ||| READING scroll labelled VUOXTEMIEWN.
  1511 | D:2      | 1511 ||| READING scroll labelled CEPUOHOCAR.
  1512 | D:2      | 1512 ||| DRINKING 3 murky cyan potions.
  1595 | D:3      | Found Wenoyjoa's General Store.
  1604 | D:3      | 1604 ||| SHOPLISTING amulet of Elyvilon's Supremacy
                  | {Reflect rN+ Int-4 Slay+4 SH+5 SInv} (645 gold, have 70).
  1604 | D:3      | 1604 ||| SHOPLISTING scroll of enchant weapon (90 gold,
                  | have 70).
  1845 | D:3      | 1845 ||| FLEEEEING.
  1847 | D:3      | 1847 ||| FLEEEEING.
  1855 | D:3      | Reached skill level 5 in Ranged Weapons
  2006 | D:3      | Reached skill level 3 in Fighting
  2083 | D:3      | Noticed a sky beast
  2091 | D:3      | HP: 9/38 [something (4)]
  2091 | D:3      | HP: 3/38 [something (6)]
  2092 | D:3      | 2092 ||| READING scroll of teleportation.
  2092 | D:3      | Slain by a sky beast

Levels and vault maps discovered:
D:1:      dpeg_arrival_round_a, layout_basic, serial_shops,
          nicolae_shop_hallway_plus
D:2:      layout_loops_cross, minmay_misc_feat_alley, minmay_bisected
D:3:      minmay_diamond_boxcup, layout_basic, serial_shops,
          nicolae_shop_gibbet_a_chance, serial_co_window_serial,
          co_window_paths_a, co_window_paths_a, co_window_corner_a,
          co_window_paths_a, co_window_corner_a, co_window_corner_b,
          co_window_paths_c, co_window_corner_b, co_window_of_opportunity_c,
          co_window_of_opportunity_c, co_window_corner_b, co_window_broadway_b,
          glass_columns_b, glass_columns_c, glass_columns_a

Skill      XL: |  1  2  3  4 |
---------------+-------------+-----
Ranged Weapons | 3 4 5 |  5.1
Fighting       | 2 3 |  3.0
Dodging        | |  2.1
Spellcasting   | |  1.0
Hexes          | |  2.0

Action                     |  1- 3 |  4- 6 || total
---------------------------+-------+-------++-------
   Fire: Sling             |   112 |    77 ||   189
    Use: Scroll            |     7 |     3 ||    10
         Potion            |       |     1 ||     1
 Armour: Robe              |     5 |       ||     5
         Leather armour    |     8 |    15 ||    23
  Dodge: Dodged            |    30 |    32 ||    62

Table legend:
 A = Non-vault XP
 B = Vault XP
 C = Vault XP percentage of total XP
 D = Non-vault monster count
 E = Vault monster count
 F = Vault count percentage of total count
                 A         B        C        D         E       F
            +---------+---------+-------+---------+---------+-------
      Total |     173 |      20 |  10.4 |      43 |      10 |  18.9
            +---------+---------+-------+---------+---------+-------
        D:1 |      19 |       0 |   0.0 |      10 |       0 |   0.0
        D:2 |      76 |       3 |   3.8 |      24 |       2 |   7.7
        D:3 |      78 |      17 |  17.9 |       9 |       8 |  47.1
            +---------+---------+-------+---------+---------+-------
